 Dungeon Crawl Stone Soup version 0.28-a0-8-g6e044cfa68 (webtiles) character file.

Game seed: 10865601722346929145

196 avis the Insei (level 5, -3/35 HPs)
             Began as an Octopode Transmuter on July 24, 2021.
             Succumbed to a kobold's poison
             ... on level 3 of the Dungeon.
             The game lasted 00:13:07 (3269 turns).

avis the Insei (Octopode Transmuter)                Turns: 3269, Time: 00:13:13

Health: -3/35      AC:  1    Str: 10    XL:     5   Next: 74%
Magic:  5/8        EV: 13    Int: 15    God:
Gold:   95         SH:  0    Dex: 13    Spells: 0/8 levels left

rFire   . . .      SeeInvis .   k - +1 whip (elec)
rCold   . . .      Faith    .   (no shield)
rNeg    + . .      Spirit   .   (helmet restricted)
rPois   .          Reflect  .   (no amulet)
rElec   .          Harm     .   l - ring of positive energy
rCorr   .          Rampage  .   (no ring)
Will    .....                   (no ring)
Stlth   +++.......              (no ring)
HPRegen 0.11/turn               (no ring)
MPRegen 0.11/turn               (no ring)
                                (no ring)
                                (no ring)

@: lethally poisoned (-3 -> -25)
A: almost no armour, amphibious, 8 rings, camouflage 1, gelatinous body 1,
(nimble swimmer 1), tentacles
a: no special abilities


You were on level 3 of the Dungeon.
You visited 1 branch of the dungeon, and saw 3 of its levels.

You collected 95 gold pieces.

Inventory:

Hand Weapons
 k - a +1 whip of electrocution (weapon)
Missiles
 a - 60 stones
 e - 17 poisoned darts
 f - 47 arrows
 i - 2 boomerangs
 m - 16 sling bullets
 p - 13 bolts
Jewellery
 l - a ring of positive energy (left tentacle)
Wands
 n - a wand of iceblast (4)
Scrolls
 b - a scroll of magic mapping {unknown}
 c - 2 scrolls of identify {unknown}
 g - 3 scrolls of vulnerability {unknown}
 h - a scroll of enchant armour {unknown}
 j - 4 scrolls of teleportation {unknown}
 o - a scroll of noise {unknown}
Potions
 d - a potion of cancellation
 q - a potion of attraction {unknown}


   Skills:
 * Level 2.7 Fighting
 - Level 2.1 Dodging
 - Level 1.0 Stealth
 - Level 5.0 Unarmed Combat
 - Level 2.1 Spellcasting
 - Level 2.1 Transmutations
 - Level 2.0 Poison Magic


You couldn't memorise any spells.
You knew the following spells:

 Your Spells              Type           Power      Damage    Failure   Level
a - Beastly Appendage     Tmut           16%        N/A       9%          1
p - Spider Form           Tmut/Pois      3%         N/A       28%         3
q - Ice Form              Ice/Tmut       4%         N/A       80%         4

Your spell library contained the following spells:

 Spells                   Type           Power      Damage    Failure   Level
 Wereblood                Tmut           8%         N/A       14%         2
 Animate Skeleton         Necr           2%         N/A       22%         1
 Pain                     Necr           4%         1d4       22%         1
 Ozocubu's Armour         Ice            1%         N/A       54%         3
 Stone Arrow              Conj/Erth      2%         3d7       54%         3
 Vampiric Draining        Necr           0%         2d6       54%         3
 Metabolic Englaciation   Hex/Ice        0%         N/A       99%         5
 Simulacrum               Ice/Necr       0%         N/A       100%        6
 Lehudib's Crystal Spear  Conj/Erth      0%         10d2      100%        8
 Animate Armour           Summ/Erth      Unusable   N/A       N/A         4

Dungeon Overview and Level Annotations

Branches:
Dungeon (3/15)

Altars:
Cheibriados
Xom

Shops:
D:3 *

Annotations:
D:2 1 runed translucent door, exclusion: door, Sigmund


Innate Abilities, Weirdness & Mutations

You cannot wear most types of armour.
You are amphibious.
You can wear up to eight rings at the same time.
Your skin changes colour to match your surroundings (Stealth+).
Your rubbery body absorbs attacks. (AC +1, EV +1)
((You are camouflaged near water. (Stealth+)))
You have tentacles for arms and can constrict up to eight enemies at once.


Message History

The centaur zombie hits you. The centaur zombie barely misses you.
The centaur zombie hits you.
The centaur zombie kicks you but does no damage.
You hit the centaur zombie.
You destroy the centaur zombie!
Your tentacle spike disappears.
A kobold comes into view.
It is wielding a +0 long sword and quivering poisoned darts.
Things that are here:
a +0 short sword of electrocution; 3 stones; a white potion
Casting: Beastly Appendage (safe; 9% risk of failure)
Confirm with . or Enter, or press ? or * to list all spells.
The spell is quite dangerous to cast (28% risk of failure)!
Continue anyway?
You turn into a venomous arachnid creature.
Your +1 whip of electrocution melds into your body.
Your +1 whip of electrocution stops crackling.
The kobold shouts!
The kobold throws a poisoned dart.
The poisoned dart hits you!
You are poisoned.
You hit the worm.
The worm is poisoned.
The worm is moderately wounded.
You feel very sick. The worm barely misses you.
The kobold throws a poisoned dart.
The poisoned dart hits you!
You are lethally poisoned!
You hit the worm.
The worm looks as sick as possible!
The worm is heavily wounded.
You feel extremely sick. The worm bites you.
* * * LOW HITPOINT WARNING * * *
* * * LOW HITPOINT WARNING * * *
You feel very sick.
Things that are here:
a +0 short sword of electrocution; 3 stones; a white potion It was a potion of cancellation.
Your magical effects are unravelling.
You feel magically purged.
Your transformation has ended.
Your +1 whip of electrocution unmelds from your body.
You hear the crackle of electricity.
You die...

#.....#...........#.#..
#######.###########.###
..#.#...†.....#.#..
#.#.#.#†#.###.#.#.#
#.#.#.#.#.# #.#.#
#.#.###.#.#####.### .
#w#.....#....[.....
._..##.#######.#########
.....)..@.....#.#...###
........#####.#.#.#...#
........# #.#.#.#.#.#
....K...# #.#.###.#.#
........# #.#.....#.#
........# #†#######.#
........# #......>#.#
####### #####.#...#
#.#.###


You could see a worm (extremely poisoned) and a kobold.

Vanquished Creatures
  A scorpion (D:3)
  A centaur zombie (D:3)
  Terence (D:2)
  An adder (D:3)
  3 worms
  4 dart slugs
  An orc (D:3)
  2 endoplasms (D:2)
  4 goblins
  4 hobgoblins
  3 jackals (D:3)
  5 kobolds
  2 quokkas
  12 ball pythons
  8 bats
  3 frilled lizards
  2 rats (D:1)
57 creatures vanquished.

Notes
Turn   | Place    | Note
-------+----------+-------------------------------------------
     0 | D:1      | avis the Octopode Transmuter began the quest for the Orb.
     0 | D:1      | Reached XP level 1. HP: 13/13 MP: 3/3
    93 | D:1      | Reached XP level 2. HP: 18/18 MP: 3/5
   810 | D:1      | Reached XP level 3. HP: 21/24 MP: 4/6
   886 | D:1      | Found a faded altar of an unknown god.
   895 | D:1      | Reached skill level 1 in Stealth
   975 | D:1      | Learned a level 3 spell: Spider Form
  1182 | D:2      | Reached skill level 1 in Poison Magic
  1534 | D:2      | Noticed Sigmund
  1562 | D:2      | Noticed Terence
  1926 | D:2      | Found a runed translucent door.
  2117 | D:2      | Killed Terence
  2118 | D:2      | Reached XP level 4. HP: 14/29 MP: 3/7
  2634 | D:3      | Found Caopt's General Store.
  2654 | D:3      | Reached skill level 4 in Unarmed Combat
  2908 | D:3      | Noticed a scorpion
  2920 | D:3      | Killed a scorpion
  2921 | D:3      | Reached XP level 5. HP: 32/34 MP: 8/8
  3168 | D:3      | Found a shimmering altar of Xom.
  3189 | D:3      | Learned a level 4 spell: Ice Form
  3222 | D:3      | Reached skill level 5 in Unarmed Combat
  3253 | D:3      | Found a snail-covered altar of Cheibriados.
  3269 | D:3      | Succumbed to a kobold's poison

Illustrated notes

Levels and vault maps discovered:
D:1:      dpeg_arrival_chambers_temple_mockup, layout_basic,
          ebering_ecumenical_altar_webs
D:2:      layout_loops_ring, uniq_terence, uniq_crazy_yiuf_cottage, uniq_sigmund
D:3:      mumra_celtic_spiral_tile, layout_basic, mainiacjoe_overflow_catwalk,
          cheibriados_altar_1, serial_glass, glass_columns_a, glass_columns_b,
          serial_shops, shop_fountains, grunt_decor_one_mirror

Skill      XL: |  1  2  3  4  5 |
---------------+----------------+-----
Fighting       | 2 |  2.7
Stealth        | 1 |  1.0
Poison Magic   | 2 |  2.0
Unarmed Combat | 4 5 |  5.0
Dodging        | |  2.1
Spellcasting   | |  2.1
Transmutations | |  2.1

Action                   |  1- 3 |  4- 6 || total
-------------------------+-------+-------++-------
Melee: Unarmed           |    48 |    26 ||    74
       Constrict         |    14 |     7 ||    21
       Kick              |     9 |     4 ||    13
       Tentacles         |     6 |     3 ||     9
       Whip              |    22 |    29 ||    51
 Cast: Beastly Appendage |    27 |     7 ||    34
       Spider Form       |     1 |     6 ||     7
  Use: Potion            |       |     1 ||     1
 Stab: Sleeping          |     9 |     3 ||    12
Armor: Skin              |     7 |     5 ||    12
Dodge: Dodged            |    37 |    52 ||    89

Table legend: (Time is in decaauts)
 A = Elapsed time spent in this place.
 B = Non-inter-level travel time spent in this place.
 C = Inter-level travel time spent in this place.
 D = Time resting spent in this place.
 E = Time spent auto-exploring this place.
 F = Levels seen in this place.
 G = Mean time per level.
                   A        B        C        D        E       F      G
               +--------+--------+--------+--------+--------+-----+--------+
         Total |   3270 |   3123 |    147 |    405 |   2078 |   3 | 1090.0 |
       Dungeon |   3270 |   3123 |    147 |    405 |   2078 |   3 | 1090.0 |
               +--------+--------+--------+--------+--------+-----+--------+

Top non-repeatable levels by time:
     D:2: 1406 daAuts
     D:1: 1027 daAuts
     D:3: 835 daAuts
